[Event "55th Rubinstein Memorial-A 2019"]
[Site "Polanica-Zdroj"]
[Date "2019.08.25"]
[Round "9.21"]
[White "Wloch, Mikolaj"]
[Black "Luberanski, Jakub"]
[Result "0-1"]
[ECO "B80"]
[WhiteElo "1771"]
[BlackElo "1996"]
[Annotator "NA"]
[PlyCount "116"]
[EventDate "2019.08.17"]
[EventType "swiss"]
[EventCountry "POL"]
[SourceTitle "playchess.com"]
[Source "ChessBase"]
[SourceQuality "1"]
[TimeControl "40/5400+30:1800+30"]

1. e4 c5 2. Nf3 e6 3. d4 cxd4 4. Nxd4 Nf6 5. Nc3 d6 6. Be3 a6 7. a4 Nc6 8. Be2 Be7 9. O-O O-O 10. Nb3 Na5 11. f4 Nxb3 12. cxb3 Qa5 13. Qd2 Qb4 14. e5 dxe5 15. fxe5 Nd7 16. Rf4 Qa5 17. Raf1 Nxe5 18. Kh1 Bg5 19. R4f2 Bxe3 20. Qxe3 Ng6 21. Ne4 Qe5 22. Qd3 b6 23. Ng3 Bb7 24. Qd7 Qd5 25. Qc7 Qc6 26. Qxc6 Bxc6 27. Bd3 Ne5 28. Be4 Rac8 29. Bxc6 Rxc6 30. Re2 f6 31. Ne4 Rd8 32. h3 Rd3 33. Nc3 Rcd6 34. Rff2 R6d4 35. Rc2 Rb4 36. Kh2 Rxb3 37. Ne4 Rd8 38. Rc7 Rb4 39. Nc3 Nd3 40. Rf3 Nxb2 41. Rg3 g6 42. Re3 e5 43. Ne4 Rf8 44. g4 Rf7 45. Rc8+ Kg7 46. g5 fxg5 47. Nxg5 Re7 48. Ne4 Nxa4 49. Nd6 Rf4 50. Kg3 Nc5 51. Rc6 Rb4 52. Nc8 Re6 53. Rc7+ Kh6 54. Ne7 Ne4+ 55. Kg2 Kg5 56. Kf3 Rf6+ 57. Ke2 Rf2+ 58. Kd1 Rb1+ 0-1

[Event "55th Rubinstein Memorial-A 2019"]
[Site "Polanica-Zdroj"]
[Date "2019.08.25"]
[Round "9.22"]
[White "Siekanski, Janusz"]
[Black "Szydlo, Michal"]
[Result "1-0"]
[ECO "E97"]
[WhiteElo "2263"]
[BlackElo "1865"]
[Annotator "NA"]
[PlyCount "71"]
[EventDate "2019.08.17"]
[EventType "swiss"]
[EventCountry "POL"]
[SourceTitle "playchess.com"]
[Source "ChessBase"]
[SourceQuality "1"]
[TimeControl "40/5400+30:1800+30"]

1. d4 Nf6 2. c4 g6 3. Nc3 Bg7 4. e4 d6 5. Nf3 O-O 6. Be2 e5 7. O-O Nc6 8. d5 Ne7 9. Nd2 Ne8 10. b4 f5 11. c5 Nf6 12. f3 f4 13. Nc4 g5 14. a4 Ng6 15. a5 Rf7 16. Bb2 h5 17. b5 dxc5 18. b6 g4 19. bxc7 Rxc7 20. Nb5 g3 21. Nxc7 Nxe4 22. Ne6 Qh4 23. h3 Bxe6 24. dxe6 Ng5 25. Qc2 Nxh3+ 26. gxh3 Qxh3 27. Bd3 Nh4 28. Nxe5 Bxe5 29. Bxe5 g2 30. Bh7+ Kf8 31. Qxc5+ Ke8 32. Qb5+ Kf8 33. Bd6+ Kg7 34. Qg5+ Kxh7 35. Qxh5+ Kg7 36. Be5+ 1-0

[Event "55th Rubinstein Memorial-A 2019"]
[Site "Polanica-Zdroj"]
[Date "2019.08.25"]
[Round "9.23"]
[White "Kacprzak, Kacper"]
[Black "Galuszka, Kamil"]
[Result "1/2-1/2"]
[ECO "C10"]
[WhiteElo "1856"]
[BlackElo "2058"]
[Annotator "NA"]
[PlyCount "60"]
[EventDate "2019.08.17"]
[EventType "swiss"]
[EventCountry "POL"]
[SourceTitle "playchess.com"]
[Source "ChessBase"]
[SourceQuality "1"]
[TimeControl "40/5400+30:1800+30"]

1. e4 e6 2. d4 d5 3. Nc3 dxe4 4. Nxe4 Nd7 5. Bd3 Ngf6 6. Qe2 c5 7. Nf3 cxd4 8. Nxd4 Nxe4 9. Qxe4 Nc5 10. Bb5+ Bd7 11. Qe2 Bxb5 12. Qxb5+ Qd7 13. Be3 a6 14. Qxd7+ Nxd7 15. O-O-O Bc5 16. Rhe1 Nf6 17. Nf5 Bxe3+ 18. Nxe3 Rd8 19. f3 Rxd1+ 20. Rxd1 Ke7 21. c4 g5 22. Kc2 h5 23. b4 b6 24. a4 Rc8 25. Kb3 Nd7 26. Re1 Kd6 27. Rd1+ Ke7 28. Re1 Kd6 29. Rd1+ Ke7 30. Re1 Kd6 1/2-1/2

[Event "55th Rubinstein Memorial-A 2019"]
[Site "Polanica-Zdroj"]
[Date "2019.08.25"]
[Round "9.24"]
[White "Michalska, Aleksandra"]
[Black "Czarniecka, Aleksandra"]
[Result "0-1"]
[ECO "B20"]
[WhiteElo "1792"]
[BlackElo "2042"]
[Annotator "NA"]
[PlyCount "64"]
[EventDate "2019.08.17"]
[EventType "swiss"]
[EventCountry "POL"]
[SourceTitle "playchess.com"]
[Source "ChessBase"]
[SourceQuality "1"]
[TimeControl "40/5400+30:1800+30"]

1. e4 c5 2. c4 Nc6 3. Nc3 g6 4. Nf3 Bg7 5. Be2 d6 6. h3 Nh6 7. O-O f5 8. d3 O-O 9. Re1 Nf7 10. Rb1 a6 11. Be3 Nd4 12. Nh2 Rb8 13. Qd2 b5 14. b3 b4 15. Nd1 e5 16. exf5 gxf5 17. f4 Ne6 18. Bh5 Nxf4 19. Bxf4 exf4 20. Bxf7+ Rxf7 21. Qxf4 Be5 22. Qf1 Bb7 23. Nf3 f4 24. Kh2 Rg7 25. Re2 Rg3 26. Rf2 Kh8 27. Qe2 Qf6 28. Nxe5 dxe5 29. Ne3 Rbg8 30. Rb2 Rxe3 31. Qxe3 Rxg2+ 32. Rxg2 fxe3 0-1

[Event "55th Rubinstein Memorial-A 2019"]
[Site "Polanica-Zdroj"]
[Date "2019.08.25"]
[Round "9.25"]
[White "Jeda, Maciej"]
[Black "Wnek, Filip"]
[Result "0-1"]
[ECO "B90"]
[WhiteElo "1815"]
[BlackElo "2021"]
[Annotator "NA"]
[PlyCount "120"]
[EventDate "2019.08.17"]
[EventType "swiss"]
[EventCountry "POL"]
[SourceTitle "playchess.com"]
[Source "ChessBase"]
[SourceQuality "1"]
[TimeControl "40/5400+30:1800+30"]

1. e4 c5 2. Nf3 d6 3. d4 cxd4 4. Nxd4 Nf6 5. Nc3 a6 6. a4 e6 7. Be2 Nbd7 8. Be3 b6 9. O-O Bb7 10. f3 Be7 11. Qe1 O-O 12. Qg3 Kh8 13. Rfd1 Rc8 14. Nb3 Qc7 15. Qf2 Rfd8 16. Rd2 Nc5 17. Rad1 Rd7 18. Nd4 d5 19. exd5 Nxd5 20. Nxd5 Rxd5 21. b3 Rcd8 22. Bc4 R5d7 23. Qe2 Qe5 24. Qf2 Bd6 25. g3 Qf6 26. Kg2 Bc7 27. Ne2 Rxd2 28. Rxd2 Rxd2 29. Bxd2 Qb2 30. Be3 Nd7 31. Nd4 Nf6 32. Kh3 Nd5 33. Qd2 Nxe3 34. Qxe3 Qa3 35. Qd3 Qd6 36. Qe3 e5 37. Nf5 Bc8 38. Qg5 Qg6 39. Qe7 Qxf5+ 40. Kg2 Qxc2+ 41. Kg1 Qd1+ 42. Kg2 Qd8 43. Qxf7 Bd6 44. Bd5 Bd7 45. Be4 Qe8 46. Qd5 Bb8 47. Qb7 Qc8 48. Qxb6 Bh3+ 49. Kf2 Qc7 50. Qb4 Ba7+ 51. Ke2 Qc5 52. Qb7 Qe3+ 53. Kd1 Be6 54. Qa8+ Bg8 55. Qe8 Qxb3+ 56. Ke2 Qe3+ 57. Kd1 Qg1+ 58. Ke2 Qxh2+ 59. Kd3 Qxg3 60. Qh5 Qf4 {[%emt 0:01:46] Kd4} 0-1

[Event "55th Rubinstein Memorial-A 2019"]
[Site "Polanica-Zdroj"]
[Date "2019.08.25"]
[Round "9.26"]
[White "Kaczmarek, Arkadiusz"]
[Black "Twardowski, Hubert"]
[Result "1/2-1/2"]
[ECO "D89"]
[WhiteElo "1986"]
[BlackElo "1822"]
[Annotator "NA"]
[PlyCount "130"]
[EventDate "2019.08.17"]
[EventType "swiss"]
[EventCountry "POL"]
[SourceTitle "playchess.com"]
[Source "ChessBase"]
[SourceQuality "1"]
[TimeControl "40/5400+30:1800+30"]

1. d4 Nf6 2. c4 g6 3. Nc3 d5 4. cxd5 Nxd5 5. e4 Nxc3 6. bxc3 Bg7 7. Bc4 c5 8. Ne2 Nc6 9. Be3 O-O 10. O-O Bg4 11. f3 Na5 12. Bd3 cxd4 13. cxd4 Be6 14. d5 Bxa1 15. Qxa1 f6 16. Bh6 Re8 17. Kh1 Bd7 18. e5 e6 19. exf6 Kf7 20. Bg7 exd5 21. Qc1 Re6 22. Nf4 Rc8 23. Nxe6 Bxe6 24. Qh6 Qg8 25. f4 Rc3 26. Bb1 Nc4 27. f5 Bxf5 28. Bxf5 Ne3 29. Rb1 Nxf5 30. Qd2 d4 31. Rxb7+ Ke6 32. Kg1 Qc8 33. Qe2+ Ne3 34. Qa6+ Rc6 35. Re7+ Kd6 36. Qa3+ Kd5 37. Qb3+ Kd6 38. Qb4+ Kd5 39. Qb5+ Rc5 40. Qd7+ Qxd7 41. Rxd7+ Ke6 42. Re7+ Kd6 43. Kf2 Rf5+ 44. Ke2 a5 45. Kd3 Nxg2 46. Kxd4 Nf4 47. Ra7 Ne6+ 48. Kc4 g5 49. Ra6+ Kd7 50. Rb6 g4 51. Rb7+ Kd6 52. Rb6+ Kd7 53. Rb5 Rf4+ 54. Kd3 a4 55. Rh5 Ke8 56. Rxh7 Nxg7 57. Rxg7 Rf3+ 58. Kc4 Ra3 59. Rxg4 Rxa2 60. h4 Rf2 61. Kb4 Rxf6 62. Kxa4 Rf5 63. Kb4 Kf7 64. Kc4 Ra5 65. Kd3 Re5 {[%emt 0:00:05] Ke4 Ke7+} 1/2-1/2

[Event "55th Rubinstein Memorial-A 2019"]
[Site "Polanica-Zdroj"]
[Date "2019.08.25"]
[Round "9.27"]
[White "Kacprzak, Karol"]
[Black "Skiba, Aleksandra"]
[Result "1/2-1/2"]
[ECO "B32"]
[WhiteElo "1973"]
[BlackElo "1703"]
[Annotator "NA"]
[PlyCount "139"]
[EventDate "2019.08.17"]
[EventType "swiss"]
[EventCountry "POL"]
[SourceTitle "playchess.com"]
[Source "ChessBase"]
[SourceQuality "1"]
[TimeControl "40/5400+30:1800+30"]

1. e4 c5 2. Nf3 Nc6 3. d4 cxd4 4. Nxd4 e5 5. Nb5 d6 6. N1c3 a6 7. Na3 b5 8. Nd5 Nge7 9. Be3 Nxd5 10. exd5 Nd4 11. Bxd4 exd4 12. Qxd4 Be7 13. c3 O-O 14. Be2 Bf6 15. Qd2 Re8 16. O-O Bg5 17. f4 Qb6+ 18. Kh1 Bh4 19. Nc2 Bb7 20. Bf3 Rac8 21. g3 Bf6 22. Rae1 g6 23. Ne3 Bg7 24. Ng4 h5 25. Ne3 Qc5 26. Ng2 Rxe1 27. Rxe1 Kf8 28. f5 gxf5 29. Nh4 Re8 30. Rxe8+ Kxe8 31. Nxf5 Bf8 32. h4 Qc4 33. Kh2 Qxa2 34. Qe2+ Kd7 35. Qg2 Qc4 36. g4 Qf4+ 37. Kh3 hxg4+ 38. Bxg4 Kd8 39. Qg1 Qc4 40. Qb6+ Qc7 41. Qd4 Bc8 42. Qf6+ Ke8 43. Ne3 Bb7 44. h5 Qe7 45. Qd4 Qc7 46. Qa7 Kd8 47. Kg3 a5 48. Kh3 Bg7 49. Nf5 Bf6 50. Qe3 Bxd5 51. Qh6 Be7 52. Qh8+ Kd7 53. Nd4+ Be6 54. Bxe6+ fxe6 55. Qg8 Qc4 56. h6 Qf1+ 57. Qg2 Qxg2+ 58. Kxg2 b4 59. cxb4 axb4 60. b3 Bf6 61. Nc2 Ke7 62. Nxb4 Kf7 63. Nc6 Bg5 64. h7 Kg7 65. Nd4 Kxh7 66. Nxe6 Bd2 67. Kf3 Kg6 68. Ke4 Kf7 69. Kd5 Ke7 70. Ke4 1/2-1/2